 Dungeon Crawl Stone Soup version 0.31.0-11-ge490571c62 (webtiles) character file.

Game seed: 4013676208968473118

132 qw the Skirmisher (level 4, -4/25 HPs)
             Began as a Deep Elf Hunter on Feb 4, 2024.
             Slain by a gnoll
             ... wielding a +0 spear
              (6 damage)
             ... on level 3 of the Dungeon.
             The game lasted 00:00:56 (1760 turns).

qw the Skirmisher (Deep Elf Hunter)                 Turns: 1760, Time: 00:00:57

Health: -4/25      AC:  7    Str: 10    XL:     4   Next: 92%
Magic:  6/6        EV: 11    Int: 14    God:
Gold:   88         SH:  0    Dex: 18    Spells: 3/3 levels left

rFire   . . .        a - +2 shortbow
rCold   . . .        (shield currently unavailable)
rNeg    . . .        m - +0 ring mail
rPois   .            (no helmet)
rElec   .            (no cloak)
rCorr   .            (no gloves)
SInv    .            g - +1 pair of boots
Will    .....        (no amulet)
Stlth   +            (no ring)
HPRegen 0.24/turn    (no ring)
MPRegen 0.10/turn

%: no passive effects
@: no status effects
A: no striking features
a: no special abilities


You were on level 3 of the Dungeon.
You visited 1 branch of the dungeon, and saw 3 of its levels.

You collected 140 gold pieces.
You spent 52 gold pieces at shops.


   Skills:
 - Level 1.5 Fighting
 + Level 8.3 Ranged Weapons
 - Level 2.4 Dodging
 - Level 1.2 Stealth


You had 3 spell levels left.
You didn't know any spells.
Your spell library was empty.

Inventory:

Hand Weapons
 a - a +2 shortbow (weapon)
Armour
 g - a +1 pair of boots (worn)
 m - a +0 ring mail (worn)
Potions
 d - a potion of might
 i - a potion of enlightenment
 k - a potion of brilliance {unknown}
 l - a potion of curing

Dungeon Overview and Level Annotations

Branches:
Dungeon (3/15)

Altars:
Yredelemnul

Shops:
D:2 ?


Message History

You now have 88 gold pieces (gained 6).
Found a basalt altar of Yredelemnul. 3 gnolls come into view.
You shoot an arrow. The arrow barely misses the gnoll.
The gnoll shouts! x2
You shoot an arrow. The arrow barely misses the gnoll.
You shoot an arrow. The arrow hits the gnoll.
The gnoll is moderately wounded.
The gnoll hits you but does no damage.
The gnoll hits you from afar with a +0 spear.
You shoot an arrow. The arrow hits the gnoll.
The gnoll is heavily wounded.
The gnoll closely misses you. x2
You shoot an arrow. The arrow barely misses the gnoll.
The gnoll closely misses you.
The gnoll hits you from afar with a +0 spear. x2
You shoot an arrow. The arrow hits the gnoll!
You kill the gnoll!
The gnoll hits you from afar with a +0 spear. x2
You shoot an arrow.
The arrow hits the gnoll but does no damage.
The gnoll hits you from afar with a +0 spear.
The gnoll hits you but does no damage.
You shoot an arrow. The arrow hits the gnoll.
The gnoll is lightly wounded.
The gnoll barely misses you.
The gnoll hits you from afar with a +0 spear!
The gnoll hits you from afar with a +0 spear.
The gnoll barely misses you.
You shoot an arrow. The arrow hits the gnoll.
The gnoll is heavily wounded.
The gnoll hits you but does no damage.
The gnoll hits you from afar with a +0 spear.
You shoot an arrow. The arrow hits the gnoll.
The gnoll is almost dead.
The gnoll closely misses you. The gnoll barely misses you.
You shoot an arrow. The arrow hits the gnoll!
You kill the gnoll!
The gnoll hits you from afar with a +0 spear.
You die...

#.#### #.#
#....##########.#
#######............#
..#....############
#.#.#### #.#.# #...#
##.## #@# #).)...#
#..g...# .........
######.#. #


You could see a gnoll.

Vanquished Creatures
  An orc priest (D:3)
  2 orc wizards (D:3)
  2 gnolls (D:3)
  An adder (D:2)
  An adder zombie (D:3)
  A ribbon worm (D:2)
  5 orcs (D:3)
  4 ball pythons
  2 endoplasms (D:1)
  A goblin (D:1)
  2 hobgoblins
  2 quokkas (D:1)
  2 bats
  A jackal zombie (D:3)
27 creatures vanquished.

Notes
Turn   | Place    | Note
-------+----------+-------------------------------------------
     0 | D:1      | qw the Deep Elf Hunter began the quest for the Orb.
     0 | D:1      | Reached XP level 1. HP: 12/12 MP: 3/3
     0 | D:1      | 0 ||| qw: Version: 0.3-a-160-g6735b56
     0 | D:1      | 0 ||| qw: Game counter: 5869
     0 | D:1      | 0 ||| qw: Melee chars always use a shield: true
     0 | D:1      | 0 ||| qw: God list: Okawaru
     0 | D:1      | 0 ||| qw: Allow faded altars: false
     0 | D:1      | 0 ||| qw: Do Orc after clearing Dungeon:15 true
     0 | D:1      | 0 ||| qw: Do second Lair branch before Depths: true
     0 | D:1      | 0 ||| qw: Lair rune preference: random
     0 | D:1      | 0 ||| qw: Goals: Normal
     0 | D:1      | 0 ||| PLANNING D:1-11
   432 | D:1      | Reached skill level 6 in Ranged Weapons
   432 | D:1      | Reached XP level 2. HP: 16/16 MP: 4/4
   502 | D:1      | Found a faded altar of an unknown god.
   684 | D:1      | 684 ||| UPGRADING to +0 ring mail.
   694 | D:1      | 694 ||| DROPPING +0 leather armour.
   695 | D:1      | 695 ||| READING 2 scrolls labelled YWNYGH ER YNOU.
   695 | D:1      | 695 ||| ENCHANTING +0 shortbow.
   696 | D:1      | 696 ||| READING scroll of enchant weapon.
   696 | D:1      | 696 ||| ENCHANTING +1 shortbow.
   697 | D:1      | 697 ||| READING scroll labelled CYVVIV EXUINK.
   798 | D:1      | 798 ||| READING scroll labelled WUYLOU YMIGIUT.
   798 | D:1      | 798 ||| IDENTIFYING smoky clear potion
   799 | D:1      | 799 ||| DRINKING 2 fizzy clear potions.
   800 | D:1      | 800 ||| DRINKING 2 silvery potions.
   801 | D:1      | 801 ||| DROPPING scroll of butterflies.
   802 | D:1      | 802 ||| DROPPING potion of attraction.
   927 | D:2      | Found Pauret's Magic Scroll Emporium.
   935 | D:2      | 935 ||| SHOPLISTING 2 scrolls of enchant weapon (195 gold,
                  | have 61).
   935 | D:2      | 935 ||| BUYING scroll of identify (26 gold).
   935 | D:2      | Bought a scroll of identify for 26 gold pieces
   935 | D:2      | 935 ||| BUYING scroll of identify (26 gold).
   935 | D:2      | Bought a scroll of identify for 26 gold pieces
   935 | D:2      | 935 ||| SHOPLISTING scroll of teleportation (39 gold, have
                  | 9).
  1341 | D:2      | 1341 ||| UPGRADING to +0 pair of boots.
  1346 | D:2      | 1346 ||| DROPPING amulet of magic regeneration.
  1347 | D:2      | 1347 ||| READING 3 scrolls of identify.
  1347 | D:2      | 1347 ||| IDENTIFYING emerald potion
  1348 | D:2      | 1348 ||| READING 2 scrolls of identify.
  1348 | D:2      | 1348 ||| IDENTIFYING fizzy amethyst potion
  1349 | D:2      | 1349 ||| READING scroll of identify.
  1349 | D:2      | 1349 ||| IDENTIFYING fizzy red potion
  1350 | D:2      | 1350 ||| READING scroll labelled ROHIETH SYEMA.
  1451 | D:2      | 1451 ||| READING scroll labelled BEKHLU WUMOAGAU.
  1451 | D:2      | 1451 ||| ENCHANTING +0 pair of boots.
  1452 | D:2      | 1452 ||| DROPPING potion of degeneration.
  1453 | D:2      | 1453 ||| DROPPING potion of magic.
  1471 | D:3      | HP: 3/16 [orc priest/divine providence (13)]
  1474 | D:3      | Reached XP level 3. HP: 2/20 MP: 5/5
  1476 | D:3      | Reached skill level 7 in Ranged Weapons
  1476 | D:3      | 1476 ||| STAIRDANCE
  1588 | D:3      | Reached XP level 4. HP: 25/25 MP: 6/6
  1595 | D:3      | Reached skill level 8 in Ranged Weapons
  1709 | D:3      | Found a basalt altar of Yredelemnul.
  1757 | D:3      | HP: 6/25 [gnoll/+0 spear (7)]
  1758 | D:3      | HP: 1/25 [gnoll/+0 spear (3)]
  1760 | D:3      | Slain by a gnoll

Levels and vault maps discovered:
D:1:      minmay_arrival_nine_rooms, layout_basic,
          dreamdust_ecumenical_altar_angels_and_demons, minmay_hedge_maze,
          roderic_cross_of_infinity
D:2:      layout_basic, serial_shops, shop, chequers_decorated_corner
D:3:      layout_loops_ring, lemuel_zombie_altar_yredelemnul,
          jmf_multi_god_temple, serial_shops, nicolae_shop_crystal, uniq_terence

Skill      XL: |  1  2  3  4 |
---------------+-------------+-----
Ranged Weapons | 6 7 8 |  8.3
Fighting       | |  1.5
Dodging        | |  2.4
Stealth        | |  1.2

Action                     |  1- 3 |  4- 6 || total
---------------------------+-------+-------++-------
   Fire: Shortbow          |    44 |    31 ||    75
    Use: Scroll            |     9 |       ||     9
         Potion            |     2 |       ||     2
 Armour: Ring mail         |     4 |    23 ||    27
  Dodge: Dodged            |     5 |    17 ||    22

Table legend:
 A = Non-vault XP
 B = Vault XP
 C = Vault XP percentage of total XP
 D = Non-vault monster count
 E = Vault monster count
 F = Vault count percentage of total count
                 A         B        C        D         E       F
            +---------+---------+-------+---------+---------+-------
      Total |     196 |       7 |   3.4 |      25 |       2 |   7.4
            +---------+---------+-------+---------+---------+-------
        D:1 |      15 |       0 |   0.0 |       8 |       0 |   0.0
        D:2 |      22 |       0 |   0.0 |       5 |       0 |   0.0
        D:3 |     159 |       7 |   4.2 |      12 |       2 |  14.3
            +---------+---------+-------+---------+---------+-------
